 Dungeon Crawl Stone Soup version 0.21.1-1-g345015fe64 (webtiles) character file.

13549 Knicklaso the Magus (level 12, 0/82 HPs)
             Began as a Halfling Hunter on Apr 10, 2018.
             Was an Elder of Nemelex Xobeh.
             Slain by an eight-headed hydra (3 damage)
             ... on level 2 of the Lair of Beasts.
             The game lasted 00:59:07 (13668 turns).

Knicklaso the Magus (Halfling Hunter)              Turns: 13668, Time: 00:59:08

Health: 0/82       AC: 18    Str: 15    XL:     12   Next: 34%
Magic:  0/30       EV: 18    Int:  9    God:    Nemelex Xobeh [****..]
Gold:   476        SH:  0    Dex: 16    Spells: 11/11 levels left

rFire    + . .     SeeInvis .   a - +2 hunting sling
rCold    + . .     Gourm    .   (shield restricted)
rNeg     . . .     Faith    .   w - +9 scale mail "Boqoaxed" {rPois rC+ rCorr Str-2}
rPois    +         Spirit   +   N - +0 helmet
rElec    .         Reflect  .   h - scarf {Spirit}
rCorr    +         Harm     .   (no gloves)
MR       .....                  (no boots)
Stlth    ..........             U - amulet of magic regeneration
HPRegen  0.23/turn              m - ring of magical power
MPRegen  0.47/turn              X - ring of protection from fire

@: flying, hasted, very quick
A: small, mutation resistance 1
a: Triple Draw, Deal Four, Renounce Religion


You were on level 2 of the Lair of Beasts.
You worshipped Nemelex Xobeh.
Nemelex Xobeh was greatly pleased with you.
You were hungry.

You visited 2 branches of the dungeon, and saw 14 of its levels.

You collected 786 gold pieces.
You spent 310 gold pieces at shops.

Inventory:

Hand Weapons
 a - a +2 hunting sling (weapon)
 b - a +0 antimagic short sword
 v - a +1 short sword of electrocution
Missiles
 d - 78 sling bullets
 t - 20 stones (quivered)
Armour
 h - a scarf of spirit shield (worn)
 w - the +9 scale mail "Boqoaxed" (worn) {rPois rC+ rCorr Str-2}
   (You found it on level 10 of the Dungeon)

   It affects your strength (-2).
   It protects you from cold.
   It protects you from poison.
   It protects you from acid and corrosion.
 N - a +0 helmet (worn)
Jewellery
 e - an uncursed ring of protection from magic
 m - a ring of magical power (left hand)
 o - an uncursed ring of protection from fire
 U - an amulet of magic regeneration (around neck)
 X - a ring of protection from fire (right hand)
Wands
 p - a wand of iceblast (4)
 s - a wand of acid (24)
 E - a wand of disintegration (11)
 F - a wand of paralysis (11)
Scrolls
 c - 2 scrolls of fear
 q - 12 scrolls of identify
 u - 2 scrolls of amnesia
 y - a scroll of blinking
 z - 5 scrolls of enchant armour
 C - 4 scrolls of remove curse
 H - 5 scrolls of teleportation
 Y - a scroll of enchant weapon
 Z - 2 scrolls of fog
Potions
 j - 2 potions of curing
 l - 2 potions of cancellation
 r - a potion of might {unknown}
 B - 2 potions of lignification {unknown}
 G - a potion of agility {unknown}
 K - a potion of resistance
 L - a potion of magic {unknown}
 O - a potion of ambrosia {unknown}
 S - 2 potions of brilliance {unknown}
Miscellaneous
 i - a legendary deck of summoning
 n - a plain deck of summoning
 x - a plain deck of escape
 A - a plain deck of summoning {drawn: 3}
 I - an ornate deck of summoning
 J - an ornate deck of destruction {drawn: 8}
 Q - an ornate deck of destruction
 T - a legendary deck of escape {drawn: 2}
Comestibles
 f - 26 rations
 k - 2 chunks of flesh


   Skills:
 + Level 8.0 Fighting
 - Level 12.0 Slings
 + Level 6.6 Armour
 + Level 9.4 Dodging
 - Level 1.1 Stealth
 * Level 12.2 Invocations


You had 11 spell levels left.
You didn't know any spells.

Dungeon Overview and Level Annotations

Branches:
Dungeon (11/15)            Temple (0/1) D:7            Lair (3/6) D:11
  Swamp (0/4) Lair:2
  Snake: Lair:2-4    Spider: Lair:2-4       Orc: D:9-12

Altars:
Ashenzari
Cheibriados
Fedhas
Hepliaklqana
Nemelex Xobeh
Trog
Wu Jian
Xom
Yredelemnul
The Shining One

Shops:
D:6 [   D:7 ?=[[!   D:8 !

Annotations:
Lair:3 Fannar, Urug


Innate Abilities, Weirdness & Mutations

You are small and have problems with some larger weapons.
You are somewhat resistant to further mutation.


Message History

The eight-headed hydra bites you but does no damage.
The eight-headed hydra bites you!
The eight-headed hydra bites you but does no damage.
The eight-headed hydra bites you! x2
* * * LOW HITPOINT WARNING * * *
Okay, then.
You feel yourself speed up. The bullfrog completely misses you.
The eight-headed hydra bites you.
* * * LOW HITPOINT WARNING * * *
The eight-headed hydra bites you but does no damage.
The eight-headed hydra bites you!
* * * LOW HITPOINT WARNING * * *
The eight-headed hydra misses you.
The eight-headed hydra completely misses you.
The eight-headed hydra bites you!
* * * LOW HITPOINT WARNING * * *
The eight-headed hydra bites you but does no damage.
The eight-headed hydra bites you.
You die...
Your body glows slightly and disappears.

............>...##....P.........#
..............#..................
.......P####.###.#....P......#..P
.#.P...###.#...#......#......#..#
......................P.##+PP#...
.................................
.................................
..............hFvD...........:..#
................@...............#
........###.##.##.Y...........=.P
........# #######....#....#P.##..
###..<..####.#..≈....########.#.#
#####...'.'....♣≈♣♣..##......##..
.####....##...≈♣≈≈≈.............#
........##...♣≈≈§≈≈..##......##.#
...#.....##..§§≈≈≈≈♣.........##.#
#####...P####≈§§§§§≈..###.#####.#


You could see an eight-headed hydra, a bullfrog, a friendly raiju, a friendly
fire vortex and a friendly ice beast.

Vanquished Creatures
  A hydra (D:11)
  A guardian serpent (Lair:1)
  A black mamba (Lair:2)
  2 spiny frogs (Lair:2)
  A rime drake (D:11)
  2 trolls
  2 hippogriffs (D:9)
  6 yaks
  2 hogs (D:7)
  A basilisk (Lair:1)
  Menkaure (D:7)
  2 wargs
  The ghost of Oravi the Cutter, an amateur HaFi (D:4)
  7 water moccasins
  2 porcupines
  3 orc warriors
  4 ice beasts
  A black bear (D:8)
  A sky beast (D:8)
  5 ogres
  3 phantoms
  5 wolves (Lair:1)
  A centaur (D:10)
  A crocodile (Lair:2)
  2 big kobolds
  4 bullfrogs
  4 scorpions
  A wyvern skeleton (D:10)
  4 howler monkeys
  2 lava snakes (D:11)
  4 crimson imps
  A centaur zombie (D:6)
  2 hounds
  A quasit (D:9)
  3 orc priests
  6 jellies
  13 orc wizards
  A centaur skeleton (D:6)
  3 iguanas
  8 worker ants
  2 hound zombies
  2 howler monkey zombies
  12 adders
  3 shadow imps
  An ooze (D:6)
  An adder zombie (D:9)
  An adder skeleton (D:5)
  3 worms
  2 dart slugs
  5 leopard geckos
  29 orcs
  5 bats
  8 giant cockroaches
  11 goblins
  10 hobgoblins
  14 jackals
  2 quokkas
  A ball python (D:5)
  3 frilled lizards
  A giant cockroach zombie (D:6)
  A jackal skeleton (D:6)
  A jackal zombie (D:6)
  17 kobolds
  A leopard gecko skeleton (D:6)
  10 rats
  2 fungi (Lair:3)
263 creatures vanquished.

Vanquished Creatures (collateral kills)
  A two-headed ogre (D:11)
  The ghost of Oravi the Insei, a novice MfTm of Qazlal (D:7)
  A centaur zombie (D:11)
  A black mamba (D:11)
  Joseph (D:7)
  A troll (D:9)
  Prince Ribbit (D:7)
  A yak (D:11)
  2 hogs (D:7)
  A human (D:7)
  A warg (D:11)
  A water moccasin (D:5)
  A soldier ant (D:11)
  An acid dragon (D:8)
  A black bear (Lair:2)
  An orc warrior (D:7)
  A sky beast (D:11)
  2 centaurs
  2 wolves (Lair:1)
  A big kobold (D:7)
  Blork the orc (D:5)
  A bullfrog (D:11)
  2 hounds (D:7)
  An orc wizard (D:7)
  An orc priest (D:11)
  3 worker ants
  A worker ant zombie (D:7)
  2 adders (D:7)
  A shadow imp (D:7)
  4 orcs
  4 kobolds (D:7)
  A rat (D:7)
45 creatures vanquished.

Vanquished Creatures (others)
  A two-headed ogre (D:10)
  2 centaurs (D:8)
  A jelly (D:8)
  2 fungi (Lair:2)
  A plant (D:10)
7 creatures vanquished.

Grand Total: 315 creatures vanquished

Notes
Turn   | Place    | Note
-------+----------+-------------------------------------------
     0 | D:1      | Knicklaso the Halfling Hunter began the quest for the Orb.
     0 | D:1      | Reached XP level 1. HP: 14/14 MP: 1/1
   117 | D:1      | Reached XP level 2. HP: 19/19 MP: 2/2
   288 | D:1      | Reached XP level 3. HP: 24/24 MP: 3/3
   829 | D:2      | Reached XP level 4. HP: 29/29 MP: 4/4
  1573 | D:3      | Reached XP level 5. HP: 30/35 MP: 5/5
  2007 | D:3      | Found a faded altar of an unknown god.
  2009 | D:3      | Became a worshipper of Nemelex Xobeh the Trickster
  2009 | D:3      | Received a gift from Nemelex Xobeh
  2009 | D:3      | Reached * piety under Nemelex Xobeh
  2009 | D:3      | Received a gift from Nemelex Xobeh
  2235 | D:3      | Received a gift from Nemelex Xobeh
  2496 | D:4      | Reached ** piety under Nemelex Xobeh
  2497 | D:4      | Found a hazy altar of Hepliaklqana.
  2501 | D:4      | Noticed a phantom
  2524 | D:4      | Killed a phantom
  2524 | D:4      | Reached skill level 1 in Invocations
  2524 | D:4      | Reached XP level 6. HP: 21/42 MP: 5/7
  2657 | D:4      | Noticed Oravi's ghost (amateur HaFi)
  2668 | D:4      | Killed Oravi's ghost
  2801 | D:4      | Reached XP level 7. HP: 44/46 MP: 7/9
  2999 | D:5      | Entered Level 5 of the Dungeon
  3036 | D:5      | Noticed Blork the orc
  3050 | D:5      | Killed Blork the orc
  3177 | D:5      | Found a basalt altar of Yredelemnul.
  3227 | D:5      | Noticed an insubstantial wisp
  3453 | D:6      | Received a gift from Nemelex Xobeh
  3512 | D:6      | Found Benaerch's Antique Armour Shop.
  3672 | D:5      | Reached XP level 8. HP: 52/54 MP: 9/11
  3832 | D:5      | HP: 1/54 [insubstantial wisp[the player character] (5)]
  4383 | D:5      | Found a snail-covered altar of Cheibriados.
  4384 | D:5      | Found a glowing golden altar of the Shining One.
  4388 | D:5      | Found a bloodstained altar of Trog.
  4389 | D:5      | Found a shattered altar of Ashenzari.
  4389 | D:5      | Found a blossoming altar of Fedhas.
  4395 | D:5      | Found a shimmering altar of Xom.
  4719 | D:6      | Reached skill level 10 in Slings
  4960 | D:6      | Reached skill level 5 in Invocations
  5063 | D:6      | Received a gift from Nemelex Xobeh
  5087 | D:6      | Reached *** piety under Nemelex Xobeh
  5153 | D:6      | Reached skill level 5 in Dodging
  5249 | D:6      | Found a bloodstained altar of Trog.
  5395 | D:7      | Found Fatzauk's Jewellery Boutique.
  5522 | D:7      | Found a staircase to the Ecumenical Temple.
  5546 | D:7      | Found Neugemur's Armour Shop.
  5566 | D:7      | Reached XP level 9. HP: 48/59 MP: 8/13
  5572 | D:7      | Noticed Joseph
  5578 | D:7      | Killed Joseph
  5596 | D:7      | Noticed Oravi's ghost (novice MfTm)
  5604 | D:7      | Killed Oravi's ghost
  5695 | D:7      | Noticed Prince Ribbit
  5700 | D:7      | Killed Prince Ribbit
  5927 | D:7      | Found Figgirchi's Magic Scroll Shoppe.
  5935 | D:7      | Bought a scroll of remove curse for 33 gold pieces
  5935 | D:7      | Bought a scroll of random uselessness for 11 gold pieces
  6165 | D:7      | Found a glowing golden altar of the Shining One.
  6262 | D:7      | Found Puman's Antique Armour Emporium.
  6304 | D:7      | Reached skill level 5 in Fighting
  6344 | D:7      | Reached XP level 10. HP: 17/66 MP: 5/15
  6481 | D:7      | Noticed Menkaure
  6482 | D:7      | Killed Menkaure
  6655 | D:7      | Found Qetamiy's Distillery.
  6663 | D:7      | Bought a potion of haste for 140 gold pieces
  6663 | D:7      | Bought a potion of flight for 42 gold pieces
  6663 | D:7      | Bought a potion of degeneration for 14 gold pieces
  6926 | D:8      | Received a gift from Nemelex Xobeh
  7024 | D:8      | Found Denokud's Distillery.
  7037 | D:8      | Bought a potion of heal wounds for 70 gold pieces
  7069 | D:8      | Reached skill level 1 in Armour
  7319 | D:8      | Found an ornate altar of the Wu Jian Council.
  8610 | D:9      | Received a gift from Nemelex Xobeh
  8854 | D:9      | Found a shimmering altar of Xom.
  9414 | D:10     | Entered Level 10 of the Dungeon
  9430 | D:10     | Reached XP level 11. HP: 62/74 MP: 18/18
  9493 | D:10     | Reached **** piety under Nemelex Xobeh
  9635 | D:10     | Received a gift from Nemelex Xobeh
  9668 | D:10     | Reached skill level 10 in Invocations
  9672 | D:10     | Noticed a two-headed ogre
  9685 | D:10     | Killed a two-headed ogre
  9782 | D:10     | Got a distressingly furry scale mail
  9783 | D:10     | Identified the +9 scale mail "Boqoaxed" {rPois rC+ rCorr Str-2} (You found it on level 10 of the Dungeon)
  9952 | D:10     | Received a gift from Nemelex Xobeh
 10274 | D:11     | Noticed a two-headed ogre
 10279 | D:11     | Killed a two-headed ogre
 10372 | D:11     | Reached skill level 5 in Armour
 10722 | D:11     | Noticed a seven-headed hydra
 10804 | D:11     | Killed a seven-headed hydra
 10807 | D:11     | Found a staircase to the Lair.
 11177 | D:11     | Received a gift from Nemelex Xobeh
 11845 | Lair:1   | Entered Level 1 of the Lair of Beasts
 12141 | Lair:1   | Noticed a four-headed hydra
 12145 | Lair:1   | Noticed an ice dragon
 12145 | Lair:1   | a four-headed hydra changed into an ice dragon
 12146 | Lair:1   | an ice dragon changed into a guardian serpent
 12150 | Lair:1   | Reached XP level 12. HP: 72/81 MP: 20/20
 12185 | Lair:1   | Received a gift from Nemelex Xobeh
 12575 | Lair:2   | Found a staircase to the Swamp.
 12726 | Lair:2   | Received a gift from Nemelex Xobeh
 13560 | Lair:3   | Received a gift from Nemelex Xobeh
 13619 | Lair:3   | Noticed Fannar
 13641 | Lair:3   | Noticed Urug
 13655 | Lair:3   | Noticed an eight-headed hydra
 13668 | Lair:2   | HP: 3/82 [eight-headed hydra (8)]
 13668 | Lair:2   | Slain by an eight-headed hydra

Skill      XL: |  1  2  3  4  5  6  7  8  9 10 11 12 |
---------------+-------------------------------------+-----
Slings         | 6 7 8 9 10 12 | 12.0
Fighting       | 2 3 4 5 6 7 8 |  8.0
Dodging        | 3 4 5 6 7 9 |  9.4
Invocations    | 1 2 4 5 7 9 11 12 | 12.2
Armour         | 3 6 |  6.6
Stealth        | |  1.1

Action                   |  1- 3 |  4- 6 |  7- 9 | 10-12 || total
-------------------------+-------+-------+-------+-------++-------
Melee: Short sword       |       |       |    19 |    60 ||    79
       Dagger            |       |       |    33 |       ||    33
 Fire: Hunting sling     |    97 |   218 |   343 |   991 ||  1649
Invok: Triple Draw       |       |       |       |     2 ||     2
       Deal Four         |       |       |       |     1 ||     1
Evoke: Deck              |       |     1 |    14 |    23 ||    38
       Wand              |       |       |       |     6 ||     6
  Use: Scroll            |       |       |    12 |     4 ||    16
       Potion            |       |       |     3 |     4 ||     7
 Stab: Distracted        |       |       |       |     1 ||     1
  Eat: Chunk             |       |     4 |    17 |    13 ||    34
       Ration            |       |       |       |     2 ||     2
Armor: Leather armour    |     3 |    10 |    26 |       ||    39
       Robe              |       |       |     4 |       ||     4
       Ring mail         |       |       |     6 |    34 ||    40
       Scale mail        |       |       |       |   145 ||   145
Dodge: Dodged            |    22 |    39 |   127 |   429 ||   617
